PA
GALESBURG GUZZLERS @ PUT-IN-BAY BC
07/18/2021
 
TOP OF THE 1ST
Galesburg Guzzlers batting - Pitching for Put-In-Bay BC : RHP Manny Caraballo
Pitching: RHP Manny Caraballo
Batting: RHB Yuki Kudo 0-0: SINGLE (Groundball, 6M)
Batting: LHB Ray Anderson 0-0: Called Strike
0-1: Ball
1-1: Ball
Yuki Kudo steals 2nd base
2-1: Ball
3-1: Fly out, F9 (Flyball, 89M)
Runner from 2nd tags up, SAFE at 3rd with throw
Batting: RHB Roy Herring 0-0: Ground out 6-3 (Groundball, 56)
Yuki Kudo scores
Batting: SHB Thomas Sherman 0-0: Fly out, F6 (Line Drive, 56)
Top of the 1st over - 1 run(s), 1 hit(s), 0 error(s), 0 left on base; Galesburg 1 - Put-In-Bay 0
BOTTOM OF THE 1ST
Put-In-Bay BC batting - Pitching for Galesburg Guzzlers : RHP Zack Gill
Pitching: RHP Zack Gill
Batting: RHB Tim Burnett 0-0: Swinging Strike
0-1: Swinging Strike
0-2: Ball
1-2: Ball
2-2: Strikes out looking
Batting: LHB Arturo Rodríguez 0-0: Called Strike
0-1: Foul Ball, location: 2F
0-2: Ball
1-2: Strikes out swinging
Batting: RHB Eddie Davis 0-0: Ball
1-0: SINGLE (Line Drive, 5D)
Batting: RHB Quincy van Enk 0-0: Fly out, F9 (Flyball, 89D)
Bottom of the 1st over - 0 run(s), 1 hit(s), 0 error(s), 1 left on base; Galesburg 1 - Put-In-Bay 0
TOP OF THE 2ND
Galesburg Guzzlers batting - Pitching for Put-In-Bay BC : RHP Manny Caraballo
Batting: LHB Carroll Martin 0-0: Called Strike
0-1: Ball
1-1: Ball
2-1: Foul Ball, location: 2F
2-2: Strikes out swinging
Batting: LHB Carlton Little 0-0: Bunted foul
0-1: Ball
1-1: Swinging Strike
1-2: Strikes out swinging
Batting: LHB Martín Cruz 0-0: Called Strike
0-1: Swinging Strike
0-2: Ball
1-2: Ball
2-2: Strikes out swinging
Top of the 2nd over - 0 run(s), 0 hit(s), 0 error(s), 0 left on base; Galesburg 1 - Put-In-Bay 0
BOTTOM OF THE 2ND
Put-In-Bay BC batting - Pitching for Galesburg Guzzlers : RHP Zack Gill
Batting: RHB Alfredo Martínez 0-0: Ball
1-0: Swinging Strike
1-1: Ball
2-1: SINGLE (Line Drive, 8RS)
Batting: RHB Rocky Cantrell 0-0: Ball
1-0: SINGLE (Groundball, 5L)
Alfredo Martínez to second
Batting: RHB Ken Little 0-0: Called Strike
0-1: Called Strike
0-2: 3-RUN HOME RUN (Flyball, 7D), Distance : 358 ft
Batting: RHB Félix De La Hoya 0-0: Swinging Strike
0-1: Ball
1-1: Called Strike
1-2: Ball
2-2: Ball
3-2: Strikes out swinging
Batting: RHB Jack Burton 0-0: Called Strike
0-1: Ball
1-1: Swinging Strike
1-2: Ball
2-2: Foul Ball, location: 2F
2-2: Fly out, F3 (Popup, 3F)
Batting: RHB Tim Burnett 0-0: Called Strike
0-1: SINGLE (Line Drive, 8RS)
Batting: LHB Arturo Rodríguez 0-0: Ball
Tim Burnett steals 2nd base
1-0: Foul Ball, location: 2F
1-1: Foul Ball, location: 2F
1-2: Ball
2-2: Foul Ball, location: 2F
2-2: Foul Ball, location: 2F
2-2: Foul Ball, location: 2F
2-2: Strikes out looking
Bottom of the 2nd over - 3 run(s), 4 hit(s), 0 error(s), 1 left on base; Galesburg 1 - Put-In-Bay 3
TOP OF THE 3RD
Galesburg Guzzlers batting - Pitching for Put-In-Bay BC : RHP Manny Caraballo
Batting: RHB Ralph Gilbert 0-0: Called Strike
0-1: Called Strike
0-2: Ball
1-2: Foul Ball, location: 2F
1-2: Foul Ball, location: 2F
1-2: Strikes out looking
Batting: RHB Mark Vidal 0-0: Ball
1-0: Called Strike
1-1: Bunt for hit - play at first, batter OUT! 5-3
Batting: RHB Yuki Kudo 0-0: Called Strike
0-1: Ball
1-1: Fly out, F2 (Popup, 2LF)
Top of the 3rd over - 0 run(s), 0 hit(s), 0 error(s), 0 left on base; Galesburg 1 - Put-In-Bay 3
BOTTOM OF THE 3RD
Put-In-Bay BC batting - Pitching for Galesburg Guzzlers : RHP Zack Gill
Batting: RHB Eddie Davis 0-0: Swinging Strike
0-1: Ball
1-1: Fly out, F8 (Flyball, 8RM)
Batting: RHB Quincy van Enk 0-0: Called Strike
0-1: Called Strike
0-2: Fly out, F9 (Flyball, 9D)
Batting: RHB Alfredo Martínez 0-0: Ball
1-0: Foul Ball, location: 2F
1-1: Foul Ball, location: 2F
1-2: Strikes out swinging
Bottom of the 3rd over - 0 run(s), 0 hit(s), 0 error(s), 0 left on base; Galesburg 1 - Put-In-Bay 3
TOP OF THE 4TH
Galesburg Guzzlers batting - Pitching for Put-In-Bay BC : RHP Manny Caraballo
Batting: LHB Ray Anderson 0-0: Called Strike
0-1: Called Strike
0-2: Ball
1-2: Ball
2-2: Strikes out swinging
Batting: RHB Roy Herring 0-0: Called Strike
0-1: Swinging Strike
0-2: Strikes out looking
Batting: SHB Thomas Sherman 0-0: Ball
1-0: Ball
2-0: Called Strike
2-1: Foul Ball, location: 2F
2-2: Ball
3-2: Base on Balls
Batting: LHB Carroll Martin 0-0: Ball
1-0: Ball
2-0: Ball
3-0: Called Strike
3-1: Ground out 4-3 (Groundball, 34)
Top of the 4th over - 0 run(s), 0 hit(s), 0 error(s), 1 left on base; Galesburg 1 - Put-In-Bay 3
BOTTOM OF THE 4TH
Put-In-Bay BC batting - Pitching for Galesburg Guzzlers : RHP Zack Gill
Batting: RHB Rocky Cantrell 0-0: Ball
1-0: Swinging Strike
1-1: Foul Ball, location: 2F
1-2: Foul Ball, location: 2F
1-2: SINGLE (Groundball, 34D)
Batting: RHB Ken Little 0-0: Called Strike
0-1: Foul Ball, location: 2F
0-2: Strikes out looking
Batting: RHB Félix De La Hoya Pickoff Throw to First - Out!
0-0: Called Strike
0-1: Ball
1-1: Ball
2-1: Called Strike
2-2: Ground out 6-3 (Groundball, 6)
Bottom of the 4th over - 0 run(s), 1 hit(s), 0 error(s), 0 left on base; Galesburg 1 - Put-In-Bay 3
TOP OF THE 5TH
Galesburg Guzzlers batting - Pitching for Put-In-Bay BC : RHP Manny Caraballo
Batting: LHB Carlton Little 0-0: Foul Ball, location: 2F
0-1: Swinging Strike
0-2: Ball
1-2: Ball
2-2: Strikes out swinging
Batting: LHB Martín Cruz 0-0: Called Strike
0-1: Called Strike
0-2: Strikes out swinging
Batting: RHB Ralph Gilbert 0-0: Called Strike
0-1: Swinging Strike
0-2: Ball
1-2: Foul Ball, location: 2F
1-2: Fly out, F9 (Flyball, 89M)
Top of the 5th over - 0 run(s), 0 hit(s), 0 error(s), 0 left on base; Galesburg 1 - Put-In-Bay 3
BOTTOM OF THE 5TH
Put-In-Bay BC batting - Pitching for Galesburg Guzzlers : RHP Zack Gill
Batting: RHB Jack Burton 0-0: Fly out, F9 (Flyball, 89M)
Batting: RHB Tim Burnett 0-0: Ball
1-0: Ball
2-0: Ball
3-0: Called Strike
3-1: Foul Ball, location: 2F
3-2: Strikes out swinging
Batting: LHB Arturo Rodríguez 0-0: Ball
1-0: Ball
2-0: Ball
3-0: Base on Balls
Batting: RHB Eddie Davis 0-0: Called Strike
0-1: Called Strike
0-2: Foul Ball, location: 2F
0-2: Ball
1-2: Ball
2-2: SINGLE (Line Drive, 8LS)
Arturo Rodríguez to second
Runner from 2nd tries for 3rd, SAFE, no throw or cutoff
Batting: RHB Quincy van Enk 0-0: Ball
1-0: Ball
2-0: Foul Ball, location: 2F
2-1: Foul Ball, location: 2F
2-2: Foul Ball, location: 2F
2-2: Ball
3-2: Base on Balls
Eddie Davis to second
Batting: RHB Alfredo Martínez 0-0: Called Strike
0-1: Swinging Strike
0-2: Foul Ball, location: 2F
0-2: Fielders Choice at 2nd, U4 (Groundball, 4M)
Bottom of the 5th over - 0 run(s), 1 hit(s), 0 error(s), 3 left on base; Galesburg 1 - Put-In-Bay 3
TOP OF THE 6TH
Galesburg Guzzlers batting - Pitching for Put-In-Bay BC : RHP Manny Caraballo
Batting: RHB Mark Vidal 0-0: Ball
1-0: Called Strike
1-1: Bunt for hit - play at first, batter OUT! 3-4
Batting: RHB Yuki Kudo 0-0: Swinging Strike
0-1: Ball
1-1: SINGLE (Line Drive, 6M)
Batting: LHB Ray Anderson 0-0: Ball
1-0: Ball
2-0: Foul Ball, location: 2F
2-1: Called Strike
2-2: Ball
3-2: Strikes out swinging
Batting: RHB Roy Herring 0-0: Ball
1-0: Ball
Wild Pitch!
Yuki Kudo to second
2-0: Fly out, F8 (Flyball, 8RM)
Top of the 6th over - 0 run(s), 1 hit(s), 0 error(s), 1 left on base; Galesburg 1 - Put-In-Bay 3
BOTTOM OF THE 6TH
Put-In-Bay BC batting - Pitching for Galesburg Guzzlers : RHP Zack Gill
Batting: RHB Rocky Cantrell 0-0: Called Strike
0-1: Called Strike
0-2: Strikes out swinging
Batting: RHB Ken Little 0-0: Ball
1-0: Fly out, F8 (Line Drive, 8RS)
Batting: RHB Félix De La Hoya 0-0: Foul Ball, location: 2F
0-1: Ball
1-1: Ball
2-1: SINGLE (Groundball, 56D)
Batting: RHB Jack Burton 0-0: Ball
1-0: Ball
2-0: Called Strike
2-1: Ball
3-1: Fly out, F3 (Popup, 23)
Bottom of the 6th over - 0 run(s), 1 hit(s), 0 error(s), 1 left on base; Galesburg 1 - Put-In-Bay 3
TOP OF THE 7TH
Galesburg Guzzlers batting - Pitching for Put-In-Bay BC : RHP Manny Caraballo
Batting: SHB Thomas Sherman 0-0: Ground out U3 (Groundball, 3S)
Batting: LHB Carroll Martin 0-0: Ball
1-0: Ball
2-0: Called Strike
2-1: Foul Ball, location: 2F
2-2: Fly out, F8 (Flyball, 8LM)
Batting: LHB Carlton Little 0-0: Ground out 4-3 (Groundball, 4)
Top of the 7th over - 0 run(s), 0 hit(s), 0 error(s), 0 left on base; Galesburg 1 - Put-In-Bay 3
BOTTOM OF THE 7TH
Put-In-Bay BC batting - Pitching for Galesburg Guzzlers : RHP Zack Gill
Batting: RHB Tim Burnett 0-0: Ball
1-0: Foul Ball, location: 2F
1-1: Called Strike
1-2: Ground out 6-3 (Groundball, 6M)
Batting: LHB Arturo Rodríguez 0-0: Foul Ball, location: 2F
0-1: Called Strike
0-2: Ball
1-2: Fly out, F9 (Flyball, 89M)
Batting: RHB Eddie Davis 0-0: Ball
1-0: Fly out, F8 (Flyball, 8RM)
Bottom of the 7th over - 0 run(s), 0 hit(s), 0 error(s), 0 left on base; Galesburg 1 - Put-In-Bay 3
TOP OF THE 8TH
Galesburg Guzzlers batting - Pitching for Put-In-Bay BC : RHP Manny Caraballo
Batting: LHB Martín Cruz 0-0: Ball
1-0: Ground out 4-3 (Groundball, 34)
Batting: RHB Ralph Gilbert 0-0: Ball
1-0: Swinging Strike
1-1: DOUBLE (Line Drive, 7LM)
Batting: RHB Mark Vidal 0-0: Ball
1-0: Swinging Strike
1-1: Swinging Strike
1-2: Foul Ball, location: 2F
1-2: Ball
2-2: Strikes out looking
Pitching: LHP José Tovar
Batting: RHB Yuki Kudo 0-0: Ball
1-0: Fly out, F9 (Flyball, 9M)
Top of the 8th over - 0 run(s), 1 hit(s), 0 error(s), 1 left on base; Galesburg 1 - Put-In-Bay 3
BOTTOM OF THE 8TH
Put-In-Bay BC batting - Pitching for Galesburg Guzzlers : RHP Zack Gill
Batting: RHB Quincy van Enk 0-0: Ground out 4-3 (Groundball, 4)
Batting: RHB Alfredo Martínez 0-0: Foul Ball, location: 2F
0-1: Swinging Strike
0-2: Strikes out looking
Batting: RHB Rocky Cantrell 0-0: Swinging Strike
0-1: Ball
1-1: Called Strike
1-2: Strikes out swinging
Bottom of the 8th over - 0 run(s), 0 hit(s), 0 error(s), 0 left on base; Galesburg 1 - Put-In-Bay 3
TOP OF THE 9TH
Galesburg Guzzlers batting - Pitching for Put-In-Bay BC : LHP José Tovar
Pitching: RHP Vicente García
Batting: LHB Ray Anderson 0-0: Ball
1-0: Called Strike
1-1: SINGLE (Groundball, 34D)
Pinch Hitting: RHB Jim Unknown 0-0: SINGLE (Groundball, 56D)
Ray Anderson to second
Batting: SHB Thomas Sherman 0-0: Ball
1-0: Foul Ball, location: 2F
1-1: Ball
2-1: SINGLE (Line Drive, 8LS)
Ray Anderson to third
Jim Unknown to second
Batting: LHB Carroll Martin 0-0: Swinging Strike
0-1: Swinging Strike
0-2: Ball
1-2: Ball
2-2: Foul Ball, location: 2F
2-2: Ball
3-2: Strikes out swinging
Batting: LHB Carlton Little 0-0: Ball
1-0: Foul Ball, location: 2F
1-1: Fly out, F3 (Popup, 3D)
Batting: LHB Martín Cruz 0-0: Ball
1-0: Foul Ball, location: 2F
1-1: Fly out, F7 (Flyball, 7M)
Top of the 9th over - 0 run(s), 3 hit(s), 0 error(s), 3 left on base; Galesburg 1 - Put-In-Bay 3
This league is powered by Out of the Park Baseball, the baseball management simulation game for PC, Mac and Linux
Friday, January 22nd, 2016 - OOTP Baseball 16.9 Build 39